 Dungeon Crawl Stone Soup version 0.25-a0-251-g572059c536 (webtiles) character file.

Game seed: 10936118412710722074, levelgen mode: deterministic

569 MisterFreud the Distorting Ant (level 7, -2/64 HPs)
             Began as a Formicid Abyssal Knight on Dec 4, 2019.
             Was a Believer of Lugonu.
             Killed from afar by Pikel (7 damage)
             ... with a bolt of acid
             ... on level 4 of the Dungeon.
             The game lasted 00:07:11 (3002 turns).

MisterFreud the Distorting Ant (FoAK)               Turns: 3002, Time: 00:07:11

Health: -2/64      AC:  4    Str: 16    XL:     7   Next: 60%
Magic:  14/14      EV:  8    Int: 14    God:    Lugonu [**....]
Gold:   193        SH:  0    Dex: 10    Spells: 6/6 levels left

rFire    . . .     SeeInvis +   a - +2 hand axe
rCold    . . .     Gourm    .   (no shield)
rNeg     . . .     Faith    .   p - +0 chain mail
rPois    +         Spirit   .   (helmet unavailable)
rElec    .         Reflect  .   (no cloak)
rCorr    +         Harm     .   (no gloves)
MR       .....                  (no boots)
Stlth    ..........             (no amulet)
HPRegen  0.20/turn              h - ring of resist corrosion
MPRegen  0.14/turn              k - ring of poison resistance

@: corroded
A: permanent stasis, dig shafts and tunnels, four strong arms, antennae 3
a: Dig, Shaft Self, Depart the Abyss, Bend Space, Renounce Religion


You were on level 4 of the Dungeon.
You worshipped Lugonu.
Lugonu was pleased with you.
You were not hungry.

You visited 1 branch of the dungeon, and saw 4 of its levels.
You visited the Abyss 1 time.

You collected 193 gold pieces.

Inventory:

Hand Weapons
 a - a +2 hand axe (weapon)
Armour
 b - a +0 leather armour
 p - a +0 chain mail (worn)
Jewellery
 h - a ring of resist corrosion (left hand)
 k - a ring of poison resistance (right hand)
Wands
 s - a wand of paralysis (3)
Scrolls
 i - 2 scrolls of identify
 l - a scroll of remove curse
 m - a scroll of enchant armour {unknown}
 r - a scroll of enchant weapon
Potions
 d - a potion of degeneration {unknown}
 e - 2 potions of brilliance
 f - a potion of resistance {unknown}
 j - 4 potions of curing
 n - a potion of magic {unknown}
 q - a potion of flight {unknown}
Comestibles
 c - 9 rations


   Skills:
 + Level 9.1 Fighting
 + Level 8.4 Axes
 - Level 2.1 Armour
 + Level 4.9 Dodging
   Level 7.1 Shields
 - Level 10.0 Invocations


You had 6 spell levels left.
You didn't know any spells.
Your spell library was empty.

Dungeon Overview and Level Annotations

Branches:
Dungeon (4/15)
 Temple: D:4-7

Altars:
Elyvilon
Hepliaklqana
Wu Jian
Xom

Annotations:
D:4 Pikel


Innate Abilities, Weirdness & Mutations

You cannot be hasted, slowed, berserked, paralysed or teleported.
You can dig through walls and to a lower floor.
Your four strong arms can wield two-handed weapons with a shield.
You have a pair of large antennae on your head. (SInv)


Message History

You hit Pikel but do no damage.
Pikel says, "Slavery isn't that bad."
Pikel hits you with a +1 whip of freezing.
Pikel freezes you.
You hit Pikel.
Pikel is lightly wounded.
Pikel zaps a wand.
The bolt of acid hits you! You resist.
You are splashed with acid!
You resist.
* * * LOW HITPOINT WARNING * * *
You miss Pikel.
Pikel is lightly wounded.
Pikel zaps a wand.
The bolt of acid hits you. You resist.
* * * LOW HITPOINT WARNING * * *
The acid corrodes you!
You are splashed with acid.
You resist.
* * * LOW HITPOINT WARNING * * *
Unknown command.
Okay, then.
The slave shouts!
Pikel zaps a wand.
The bolt of acid hits you! You resist.
You die...

............
...........# ...
........... .. ..
......... ..... ..
...... ...... #.
#..####...... #.?
#............
#.#####.#...#......
#.ppK.@....##......
#p#p######.........
........# ##........
.p..##..#######........
p.{ #####<..#......###
#..........###
#...##........
#)..##.....###
######.....#


You could see Pikel and 4 slaves.

Vanquished Creatures
  A bullfrog skeleton (D:4)
  A hound (D:3)
  Ijyb (D:3)
  A worker ant (D:2)
  5 gnolls
  4 adders
  2 oozes (D:1)
  3 dart slugs
  2 leopard geckos
  An orc (D:4)
  7 bats
  2 giant cockroaches
  9 goblins
  7 hobgoblins
  4 jackals
  A quokka (D:3)
  3 frilled lizards
  5 kobolds
  4 rats
63 creatures vanquished.

Notes
Turn   | Place    | Note
-------+----------+-------------------------------------------
     0 | Abyss:1  | MisterFreud the Formicid Abyssal Knight began the quest for
                  | the Orb.
     0 | Abyss:1  | Reached XP level 1. HP: 18/18 MP: 2/2
     8 | D:1      | Escaped the Abyss
   158 | D:1      | Reached XP level 2. HP: 17/25 MP: 3/3
   466 | D:1      | Reached XP level 3. HP: 30/31 MP: 4/4
   870 | D:2      | Reached skill level 5 in Fighting
   870 | D:2      | Reached XP level 4. HP: 7/39 MP: 5/5
  1745 | D:2      | Found a faded altar of an unknown god.
  1803 | D:2      | Found a white marble altar of Elyvilon.
  1953 | D:2      | Reached XP level 5. HP: 38/46 MP: 6/6
  1979 | D:3      | Reached ** piety under Lugonu
  2031 | D:3      | Reached skill level 7 in Invocations
  2031 | D:3      | Reached XP level 6. HP: 53/58 MP: 6/11
  2032 | D:3      | Reached skill level 9 in Invocations
  2032 | D:3      | Reached XP level 7. HP: 59/64 MP: 6/14
  2276 | D:3      | Noticed Ijyb
  2321 | D:3      | Killed Ijyb
  2512 | D:3      | Found a shimmering altar of Xom.
  2513 | D:3      | Found a hazy altar of Hepliaklqana.
  2513 | D:3      | Noticed a soldier ant
  2514 | D:3      | Noticed a soldier ant
  2514 | D:3      | Noticed a spectral ugly thing
  2650 | D:4      | Found an ornate altar of the Wu Jian Council.
  2681 | D:3      | Reached skill level 10 in Invocations
  2989 | D:4      | Noticed Pikel
  3002 | D:4      | Killed from afar by Pikel

Levels and vault maps discovered:
D:1:      minmay_arrival_three_doors, layout_loops_ring, minivault_25
D:2:      layout_rooms, chequers_ecumenical_altar_lobes, elyvilon_altar_1
D:3:      layout_rooms, regret_index_temple_of_mockery, uniq_ijyb
D:4:      layout_rooms, old_standard_altar, first_ration,
          grunt_gozag_breadcrumbs, uniq_pikel

Skill      XL: |  1  2  3  4  5  6  7 |
---------------+----------------------+-----
Fighting       | 4 5 9 |  9.1
Axes           | 6 8 |  8.4
Shields        | 7 |  7.1
Invocations    | 7 9 10 | 10.0
Dodging        | 4 |  4.9
Armour         | |  2.1

Action                   |  1- 3 |  4- 6 |  7- 9 || total
-------------------------+-------+-------+-------++-------
Melee: Hand axe          |    91 |    68 |   116 ||   275
Evoke: Wand              |       |     2 |       ||     2
  Use: Scroll            |       |     8 |     2 ||    10
       Potion            |       |     3 |     1 ||     4
 Stab: Paralysed         |       |     4 |       ||     4
  Eat: Chunk             |       |     4 |     3 ||     7
Armor: Leather armour    |    38 |       |       ||    38
       Chain mail        |       |    49 |    56 ||   105
Dodge: Dodged            |    64 |    21 |    53 ||   138

Table legend:
 A = Non-vault XP
 B = Vault XP
 C = Vault XP percentage of total XP
 D = Non-vault monster count
 E = Vault monster count
 F = Vault count percentage of total count
                 A         B        C        D         E       F
            +---------+---------+-------+---------+---------+-------
      Total |     343 |      36 |   9.5 |      62 |       1 |   1.6
            +---------+---------+-------+---------+---------+-------
        D:1 |      54 |       0 |   0.0 |      22 |       0 |   0.0
        D:2 |      74 |       0 |   0.0 |      11 |       0 |   0.0
        D:3 |     128 |      36 |  22.0 |      23 |       1 |   4.2
        D:4 |      87 |       0 |   0.0 |       6 |       0 |   0.0
            +---------+---------+-------+---------+---------+-------
